 Dungeon Crawl Stone Soup version 0.15-a0-834-gd31242b (webtiles) character file.

108 4tharraofdagon the Changer (level 4, -4/19 HPs)
             Began as a Felid Transmuter on May 15, 2014.
             Was an Initiate of Dithmenos.
             Slain by a giant frog (6 damage)
             ... on Level 6 of the Dungeon.
             The game lasted 00:06:14 (1093 turns).

4tharraofdagon the Changer (Felid Transmuter)       Turns: 1093, Time: 00:06:14

HP  -4/19        AC  2     Str  6      XL: 4   Next: 58%
MP   7/11        EV 23     Int 14      God: Dithmenos [......]
Gold 48          SH  0     Dex 23      Spells:  2 memorised,  4 levels left
Lives: 0, deaths: 1

rFire  . . .     SeeInvis +       - Unarmed
rCold  . . .     Clarity  .     (armour unavailable)
rNeg   . . .     Conserve .     (shield unavailable)
rPois  x         rCorr    .     (helmet unavailable)
rElec  .         rRot     .     (cloak unavailable)
SustAb . .       Spirit   .     (gloves unavailable)
rMut   .         Warding  .     (boots unavailable)
Gourm  .         Stasis   .     (no amulet)
MR     .....                    (no ring)
                                (no ring)

@: spider-form (expiring), quick, not resistant to hostile enchantments,
unstealthy
A: paw claws, no armour, no weapons or thrown items, (fangs 0), see invisible,
carnivore 3, (speed 0), (shaggy fur 0), slow metabolism 1, jump 1
a: Jump Attack, End Transformation, Renounce Religion


You were on level 6 of the Dungeon.
You worshipped Dithmenos.
Dithmenos was noncommittal.
You were full.
You were in spider-form.
You visited 2 branches of the dungeon, and saw 7 of its levels.
You also visited: Ossuary.

You collected 48 gold pieces.

Inventory:

Missiles
 b - 12 arrows
Comestibles
 a - 3 meat rations
Scrolls
 c - 6 scrolls of identify {unknown}
 e - a scroll of blinking {unknown}
 f - 2 scrolls of enchant weapon II {unknown}
 h - 2 scrolls of random uselessness {unknown}
 i - a scroll of enchant armour {unknown}
 k - a scroll of remove curse {unknown}
 l - a scroll of enchant weapon I {unknown}
Potions
 g - 3 potions of heal wounds
 j - 2 potions of curing
 m - 2 potions of confusion {unknown}
Books
 d - a book of Changes

   Spells                             Type                      Level
   *Beastly Appendage                 Transmutation                1
   Sticks to Snakes                   Transmutation                2
   *Spider Form                       Transmutation/Poison         3
   Ice Form                           Ice/Transmutation            4
   Blade Hands                        Transmutation                5


   Skills:
 + Level 2.0 Fighting
 + Level 3.7 Dodging
 + Level 3.7 Unarmed Combat
 + Level 2.6 Spellcasting
 * Level 4.1 Transmutations


You had 4 spell levels left.
You knew the following spells:

 Your Spells              Type           Power        Failure   Level  Hunger
a - Beastly Appendage     Trmt           ##....       14%         1    #......
b - Spider Form           Trmt/Pois      #.........   52%         3    ####...


Dungeon Overview and Level Annotations

Branches:
Dungeon (6/15)             Temple (1/1) D:6

Altars:
Dithmenos
Elyvilon
Fedhas
Gozag
Kikubaaqudgha
Makhleb
Nemelex Xobeh
Okawaru
Qazlal
Sif Muna
Trog
Xom
Yredelemnul

Shops:
D:4 =


Innate Abilities, Weirdness & Mutations

You cannot wear armour.
You are incapable of wielding weapons or throwing items.
((Your paws have sharp claws.))*
((You have razor-sharp teeth.))*
You have supernaturally acute eyesight.
You are carnivorous and can eat meat at any time.
((You cover ground quickly.))*
((You are covered in fur (AC +1).))*
You have a slow metabolism.
You can jump attack at a short distance.


Message History

The giant frog is moderately wounded.
The giant frog barely misses you. The giant frog hits you.
You closely miss the giant frog.
The giant frog is moderately wounded.
The giant frog completely misses you.
You closely miss the giant frog.
The giant frog is moderately wounded.
The giant frog misses you. x2
You hit the giant frog.
The giant frog looks even sicker.
The giant frog is heavily wounded.
The giant frog closely misses you.
Unknown command.
You hit the giant frog.
The giant frog is severely wounded.
The giant frog hits you.
* * * LOW HITPOINT WARNING * * *
Unknown command.
Unknown command.
The giant frog hits you.
You die...

.# .###.#.
....#.# ........
..%...>).
#####..##..#
#............
#....F..#
#####s..# #...#
############...#
................#
#.........####..#
#.#######.#.##..#
###'#(....#
#......##)#
#......##.#


You could see a giant frog.

Vanquished Creatures
  A hound (D:6)
  A giant frog skeleton (D:4)
  5 mummies
  2 orcs
  4 bats (D:4)
  A giant cockroach (D:1)
  2 goblins
  3 hobgoblins
  2 jackals (D:4)
  2 kobolds (D:4)
  2 quokkas
  A giant mite zombie (D:5)
  A kobold zombie (D:4)
  An orc zombie (D:4)
28 creatures vanquished.

Vanquished Creatures (others)
  A centaur zombie (Ossuary)
1 creature vanquished.

Grand Total: 29 creatures vanquished

Notes
Turn   | Place    | Note
--------------------------------------------------------------
     0 | D:1      | 4tharraofdagon, the Felid Transmuter, began the quest for the Orb.
     0 | D:1      | Reached XP level 1. HP: 9/9 MP: 4/4
   196 | D:4      | Reached XP level 2. HP: 1/12 MP: 3/5
   221 | D:4      | Found Enak's Jewellery Boutique.
   230 | D:4      | Noticed a giant frog skeleton
   239 | D:4      | Killed a giant frog skeleton
   239 | D:4      | Reached XP level 3. HP: 7/15 MP: 5/8
   244 | D:4      | Learned a level 3 spell: Spider Form
   257 | D:4      | Noticed a worker ant
   275 | D:4      | Found a stormy altar of Qazlal.
   430 | D:5      | Entered Level 5 of the Dungeon
   475 | D:5      | Noticed an ice beast
   548 | D:6      | Reached XP level 4. HP: 17/19 MP: 6/11
   562 | D:6      | Found a staircase to the Ecumenical Temple.
   569 | Temple   | Entered the Ecumenical Temple
   603 | Temple   | Became a worshipper of Dithmenos the Shadowed
   755 | D:4      | Found a sand-covered staircase.
   766 | Ossuary  | Entered an ossuary
   814 | Ossuary  | Reached skill level 4 in Transmutations
   814 | Ossuary  | Reached XP level 5. HP: 19/22 MP: 5/12
   853 | Ossuary  | Slain by a centaur zombie
   854 | Ossuary  | Reached XP level 4. HP: -2/19 MP: 6/11
  1081 | D:6      | Noticed a giant frog
  1093 | D:6      | Slain by a giant frog

Action                   |  1- 3 |  4- 6 || total
-------------------------+-------+-------++-------
Melee: Unarmed           |    57 |    62 ||   119
 Cast: Beastly Appendage |     8 |       ||     8
       Spider Form       |     1 |     6 ||     7
 Abil: Jump Attack       |     1 |       ||     1
  Use: Potion            |     2 |     1 ||     3
       Scroll            |       |     1 ||     1

Vault maps used:
D:1:      evilmike_arrival_come_back
D:2:      serial_forest, infiniplex_forest_zigzag_1,
          infiniplex_forest_clump_large, infiniplex_forest_straight_1,
          infiniplex_forest_clump_cross, infiniplex_forest_straight_4,
          infiniplex_forest_lined_corner, infiniplex_forest_lined_4_way
D:3:      kennysheep_generic_room_15
D:4:      grunt_qazlal_sundering, serial_shops,
          nicolae_shop_competitors_out_of_business, kennysheep_mini_moat, shop,
          first_bread, nicolae_ossuary_entry_giza
D:5:      serial_shops, kennysheep_mini, uniq_menkaure, uniq_eustachio
D:6:      minitemple, minmay_temple_entry_hall, portal_sewer_entry_b,
          eino_tiny_chamber, uniq_natasha
Temple:   circular_temple_12
Ossuary:  ossuary_the_hunt_dpeg
